 Dungeon Crawl Stone Soup version 0.18.1-5-g4a78601 (webtiles) character file.

266210 tyvek the Executioner (level 19, -4/180 HPs)
             Began as a Minotaur Berserker on May 14, 2016.
             Was a High Priest of Trog.
             Shot with a sling bullet by a satyr (17 damage)
             ... on level 2 of the Shoals.
             The game lasted 01:32:34 (34385 turns).

tyvek the Executioner (Minotaur Berserker)         Turns: 34385, Time: 01:32:34

Health: -4/180     AC: 27    Str: 33    XL:     19   Next: 32%
Magic:  27/27      EV: 14    Int:  7    God:    Trog [*****.]
Gold:   3763       SH: 21    Dex:  8    Spells: 0 memorised, 18 levels left

rFire  + . .     SeeInvis +     H - +6 broad axe (vamp) {!w}
rCold  + . .     Gourm    .     S - +5 chain mail of the Blessed Realm {rElec MP+9}
rNeg   . . .     Faith    .     i - +0 shield {rPois}
rPois  +         Spirit   .     (helmet unavailable)
rElec  +         Dismiss  .     o - +2 cloak {MR+}
rCorr  .         Reflect  +     K - +0 pair of gloves {Str+3}
SustAt .         Harm     .     l - +0 pair of boots
MR     ++++.                    O - +6 amulet of reflection
Stlth  ..........               r - ring "Miytoj" {rC+ Slay+2 Stlth+}
                                V - ring "Uhiklop" {rF+ Str+4 Dex-3 Stlth-}

@: exhausted, regenerating, slowed, very slow, incredibly resistant to hostile
enchantments, extremely unstealthy
A: retaliatory headbutt, fangs 1, horns 3, see invisible, mutation resistance 1
a: Berserk, Trog's Hand, Brothers in Arms, Burn Spellbooks, Renounce Religion
}: 2/15 runes: abyssal, gossamer


You were on level 2 of the Shoals.
You worshipped Trog.
Trog was extremely pleased with you.
You were not hungry.

You visited 6 branches of the dungeon, and saw 34 of its levels.
You visited the Abyss 3 times.
You also visited: Ice Cave.

You collected 4785 gold pieces.
You spent 1022 gold pieces at shops.

Inventory:

Hand Weapons
 a - a +5 executioner's axe of draining
   (You acquired it on level 7 of the Dungeon)
 x - a +5 antimagic demon whip
   (Trog gifted it to you on level 1 of the Shoals)
 H - a +6 vampiric broad axe (weapon) {!w}
   (Trog gifted it to you on level 1 of the Spider Nest)
 T - a +4 vampiric lajatang {!w}
   (Trog gifted it to you on level 3 of the Elven Halls)
Missiles
 W - 2 throwing nets {=f, !d}
Armour
 i - a +0 shield of poison resistance (worn)
   (You found it on level 6 of the Lair of Beasts)
 l - a +0 pair of boots (worn)
   (You found it on level 15 of the Dungeon)
 o - a +2 cloak of magic resistance (worn)
   (You took it off Maurice on level 8 of the Dungeon)
 K - a +0 pair of gloves of strength (worn)
   (You acquired it on level 5 of the Lair of Beasts)
 S - the +5 chain mail of the Blessed Realm (worn) {rElec MP+9}
   (You found it on level 3 of the Elven Halls)

   It insulates you from electricity.
   It affects your magic capacity (+9).
Jewellery
 c - the amulet of Cekugob {Dismiss -Tele rElec rPois rN++ AC+1 EV+1}
   (You bought it in a shop on level 2 of the Orcish Mines)

   [amulet of dismissal]

   It may teleport away creatures that harm you.
   It affects your AC (+1).
   It affects your evasion (+1).
   It insulates you from electricity.
   It protects you from poison.
   It greatly protects you from negative energy.
   It prevents most forms of teleportation.
 k - an uncursed amulet of regeneration {+regen, !d}
   (You found it on level 5 of the Dungeon)
 r - the ring "Miytoj" (right hand) {rC+ Slay+2 Stlth+}
   (You took it off a deep elf mage on level 3 of the Elven Halls)

   [ring of protection from cold]

   It affects your accuracy and damage with ranged weapons and melee attacks
   (+2).
   It protects you from cold.
   It makes you more stealthy.
 O - a +6 amulet of reflection (around neck)
   (You found it on level 1 of the Lair of Beasts)
 V - the ring "Uhiklop" (left hand) {rF+ Str+4 Dex-3 Stlth-}
   (You found it in an ice cave)

   [ring of loudness]

   It affects your strength (+4).
   It affects your dexterity (-3).
   It protects you from fire.
   It makes you less stealthy.
Wands
 j - a wand of lightning (8/15)
   (You found it on level 2 of the Spider Nest)
 p - a wand of digging (0/24)
   (You took it off Duvessa on level 5 of the Dungeon)
 I - a wand of heal wounds (7/9)
   (You found it on level 5 of the Lair of Beasts)
 L - a wand of iceblast (10/15)
   (You found it on level 2 of the Shoals)
 U - a wand of teleportation (4/9)
   (You took it off a deep elf mage on level 1 of the Elven Halls)
 Y - a wand of polymorph (13/24)
   (You found it on level 1 of the Elven Halls)
Scrolls
 n - 14 scrolls of remove curse
 u - 4 scrolls of teleportation
 C - 2 scrolls of magic mapping {!r}
 X - 3 scrolls of fear
Potions
 b - a potion of cure mutation {!q}
 e - 8 potions of heal wounds
 g - a potion of might
 q - 5 potions of brilliance
 s - 3 potions of invisibility
 t - 7 potions of curing
 v - 8 potions of agility
 A - 4 potions of haste
 B - 7 potions of resistance
 D - 6 potions of cancellation
 G - 3 potions of flight
 J - a potion of berserk rage {!q}
 M - 4 potions of ambrosia
Miscellaneous
 h - a phial of floods
   (You found it on level 3 of the Elven Halls)
 E - a sack of spiders
   (You found it on level 8 of the Lair of Beasts)
 F - a fan of gales
   (You found it on level 3 of the Elven Halls)
 P - a lamp of fire
   (You found it on level 3 of the Elven Halls)
 Q - a phantom mirror
Comestibles
 d - 11 bread rations {@e1}
 f - 13 royal jellies
 m - 19 meat rations {@e2}
 w - 4 chunks of flesh {@w0}
 z - 66 fruits
 R - 2 beef jerkies


   Skills:
 + Level 18.5 Fighting
 + Level 22.3 Axes
 + Level 18.2 Armour
 + Level 14.6 Dodging
 - Level 15.7 Shields


You had 18 spell levels left.
You didn't know any spells.

Dungeon Overview and Level Annotations

Branches:
Dungeon (15/15)            Temple (0/1) D:6            Lair (8/8) D:11
 Shoals (2/4) Lair:3       Spider (4/4) Lair:4        Slime (0/6) Lair:7
    Orc (2/2) D:9             Elf (3/3) Orc:2        Vaults (0/5) D:14
 Depths (0/5) D:15

Altars:
Ashenzari
Fedhas
Pakellas
Beogh

Shops:
D:9 (   Orc:1 %   Orc:2 (!?=   Elf:3 *


Innate Abilities, Weirdness & Mutations

You reflexively headbutt those who attack you in melee.
You have a pair of large horns on your head.
You have very sharp teeth.
You have supernaturally acute eyesight.
You are somewhat resistant to further mutation.


Message History

You barely miss the water elemental. You block the faun's attack.
You closely miss the harpy. You slash the merfolk aquamancer!
You block the harpy's attack. x2; The satyr shoots a sling bullet.
The sling bullet hits you.
* * * LOW HITPOINT WARNING * * *
You hear a splash.
The merfolk closely misses you.
You take 2 damage, and have 37/270 hp.
Your unstable footing causes you to fumble your attack.
You block the harpy's attack. x2
The faun hits you from afar with a spear.
* * * LOW HITPOINT WARNING * * *
A water nymph comes into view.
You take 2 damage, and have 35/270 hp.
Your unstable footing causes you to fumble your attack.
The water nymph shouts!
The harpy misses you. You furiously retaliate!
You headbutt the harpy!! You block the harpy's attack.
The water elemental hits you.
The water elemental engulfs you in water!
You block the merfolk aquamancer's attack.
The water nymph gestures at you while chanting.
The water swirls and strikes you!
* * * LOW HITPOINT WARNING * * *
You take 7 damage, and have 28/270 hp.
Your unstable footing causes you to fumble your attack.
* * * LOW HITPOINT WARNING * * *
Your lungs strain for air!
The merfolk hits you from afar with a trident.
* * * LOW HITPOINT WARNING * * *
You block the harpy's attack. x2; You block the faun's attack.
You take 5 damage, and have 23/270 hp.
Your unstable footing causes you to fumble your attack.
* * * LOW HITPOINT WARNING * * *
Your lungs strain for air!
The harpy screeches!
You block the harpy's attack. The harpy barely misses you.
The water elemental hits you!
* * * LOW HITPOINT WARNING * * *
You take 12 damage, and have 11/270 hp.
You are too berserk!
Unknown command.
You barely miss the merfolk aquamancer.
Your headbutt misses the merfolk aquamancer.
You closely miss the water elemental. You closely miss the satyr.
You slice the harpy!!
You feel better.
You kill the harpy!
Trog accepts your kill.
You chop the water elemental into pieces!!!
You destroy the water elemental!
* * * LOW HITPOINT WARNING * * *
Your lungs strain for air!
You block the merfolk aquamancer's attack.
The water nymph gestures at you while chanting.
The water swirls and strikes you!
* * * LOW HITPOINT WARNING * * *
The merfolk hits you but does no damage.
You regained 8 hp, and now have 19/270 hp.
Your unstable footing causes you to fumble your attack.
* * * LOW HITPOINT WARNING * * *
Your lungs strain for air!
The satyr shoots a sling bullet.
You reflect the sling bullet off an invisible shield around you!
The sling bullet hits the satyr!!
The faun closely misses you. You block the water elemental's attack.
You take 2 damage, and have 17/270 hp.
Your unstable footing causes you to fumble your attack.
* * * LOW HITPOINT WARNING * * *
Your lungs strain for air!
The harpy no longer looks unusually strong.
You block the sheep's attack.
The merfolk aquamancer hits you but does no damage.
The water nymph barely misses you.
You take 2 damage, and have 15/270 hp.
Your unstable footing causes you to fumble your attack.
* * * LOW HITPOINT WARNING * * *
Your lungs strain for air!
You block the faun's attack. You block the merfolk's attack.
The satyr plays a rousing melody on his pipes!
The satyr's allies are stirred to greatness!
The water elemental barely misses you.
A manticore comes into view.
You take 2 damage, and have 13/270 hp.
You chop the merfolk aquamancer into pieces!!!
You kill the merfolk aquamancer!
Trog accepts your kill.
Trog appreciates your killing of a magic user.
You hit the water nymph.
You feel better.
You hit the sheep.
You feel better.
You slash the satyr! You slice the water elemental!!
You destroy the water elemental!
You gasp with relief as air once again reaches your lungs.
The harpy no longer looks unusually strong.
The sheep splashes around in the water.
The water nymph closely misses you.
You regained 4 hp, and now have 17/270 hp.
You are no longer berserk.
You are exhausted.
You feel yourself slow down. You block the harpy's attack.
The harpy closely misses you. You block the faun's attack.
You block the merfolk's attack.
The satyr shoots a sling bullet.
The sling bullet hits you!
You die...

H≈≈..≈≈≈≈≈≈≈≈≈(≈.# #.
≈≈.≈≈≈≈≈≈≈≈≈≈≈≈≈.# #.
.m≈≈≈≈≈≈..≈≈(≈.## ##
.....≈..≈≈≈..## # .##
#...≈.≈≈≈≈.##### ## ..c.
##≈≈≈≈≈(≈..# #.####.
...Y##.c≈≈≈≈≈≈..###..##..
...Yc#HY(≈.≈≈≈.≈≈........
..H.#ccm@.≈≈≈≈≈≈≈≈.##..≈.
#...mH.≈≈≈≈≈≈≈≈≈.##...
.###≈..S..≈.....≈≈≈≈≈≈...
....≈≈≈(((.####.≈≈≈≈≈≈...
≈...≈≈.(.### ##.≈≈≈≈....
.≈≈≈≈..### #.≈≈≈≈...#
.≈≈≈≈≈. .#.≈≈≈≈.##
..≈≈≈≈. #...≈≈... .≈≈≈≈≈≈
..........


You could see a satyr, a sea snake, a merfolk, 3 fauns, a water nymph, 2 harpies
and 2 sheep.

Vanquished Creatures
  3 deep elf master archers (Elf:3)
  The ghost of Lightli the Severer, an adept HOFi of Makhleb (Elf:2)
  2 deep elf blademasters
  2 tentacled starspawn (Abyss:3)
  Kirke (Shoals:1)
  Gastronok (D:8)
  An orc warlord (Orc:1)
  9 deep elf sorcerers
  Aizul (Shoals:1)
  Donald (Orc:2)
  2 ghost moths (Spider:4)
  3 emperor scorpions (Spider:4)
  5 deep elf elementalists
  A very ugly thing (D:14)
  A stone giant (Orc:1)
  10 deep elf demonologists
  5 deep elf annihilators (Elf:3)
  4 spark wasps
  3 merfolk impalers
  2 deep elf death magi (Elf:3)
  The ghost of tyvek the Cleaver, a journeyman MiBe of Trog (Orc:2)
  8 deep elf high priests
  Erolcha (D:10)
  2 entropy weavers
  4 hydras
  2 ice dragons (IceCv)
  A catoblepas (Lair:7)
  3 centaur warriors (D:13)
  An ogre mage (D:15)
  24 dancing weapons
  2 merfolk aquamancers (Shoals:2)
  A death yak (Lair:7)
  An orc high priest (Elf:3)
  13 deep elf knights
  Nergalle (Lair:1)
  3 thrashing horrors (Abyss:3)
  A wretched star (Abyss:3)
  An iron troll (D:14)
  A sea snake (Shoals:2)
  A lindwurm (D:14)
  7 hill giants
  5 deep elf archers
  A harpy (Shoals:2)
  37 wolf spiders
  An orb spider (shapeshifter) (D:14)
  10 ugly things
  10 orc knights
  15 orb spiders
  2 wizards (D:15)
  8 hornets
  5 fauns (Shoals:1)
  55 deep elf magi
  2 worldbinders
  4 orc sorcerers
  2 moths of wrath
  3 oklob plants (Lair:7)
  A manticore (Shoals:1)
  Maurice (D:8)
  2 cyclopes (Shoals:2)
  7 elephants
  Joseph (D:7)
  5 centaur zombies
  A naga mage (D:15)
  4 black mambas
  2 torpor snails
  A smoke demon (D:13)
  A siren (Shoals:2)
  2 ice statues (IceCv)
  Psyche (D:9)
  7 centaur skeletons
  2 gargoyles
  The ghost of SirSamVimes the Insei, a novice DsMo (D:5)
  18 spiny frogs
  A kobold demonologist (D:12)
  2 rime drakes
  6 komodo dragons
  11 demonic crawlers
  An ice devil (D:13)
  18 jumping spiders
  A queen bee (D:13)
  A silent spectre (Abyss:3)
  A tengu conjurer (D:14)
  An ancient zyme (Abyss:3)
  10 merfolk
  3 trolls
  Prince Ribbit (Lair:1)
  3 giant leeches (Lair:8)
  Grinder (D:5)
  33 blink frogs
  A wolf spider simulacrum (Abyss:3)
  A boulder beetle (Spider:1)
  A polar bear (Lair:7)
  6 two-headed ogres
  3 raiju (Abyss:3)
  2 snapping turtles (Shoals:1)
  A large abomination (Abyss:3)
  Sigmund (D:2)
  2 air elementals (Elf:1)
  5 wyverns
  A spriggan (D:7)
  A vampire (D:14)
  A shadow (D:13)
  69 redbacks
  9 water elementals
  6 fire elementals
  3 hogs (Shoals:1)
  4 starcursed masses (Abyss:2)
  52 yaks
  35 tarantellas
  2 basilisks
  3 hippogriffs
  A steam dragon (D:11)
  5 hungry ghosts
  3 vampire mosquitoes (Lair:8)
  A spatial vortex (Abyss:3)
  3 mottled dragons
  A soldier ant (D:13)
  10 wargs
  5 hell hounds (Abyss:3)
  Duvessa (D:5)
  11 porcupines
  16 water moccasins
  A sky beast (D:6)
  A spiny frog skeleton (Abyss:2)
  40 orc warriors
  20 ice beasts
  6 wasps
  2 eyes of draining
  A necrophage (D:8)
  16 ogres
  10 wolves
  18 centaurs
  11 crocodiles
  3 big kobolds (D:12)
  38 giant frogs
  3 small abominations
  3 earth elementals
  A gnoll sergeant (D:7)
  Dowan (D:5)
  A wyvern zombie (D:13)
  A water moccasin skeleton (D:8)
  3 scorpions
  47 killer bees
  A swamp dragon simulacrum (Abyss:3)
  5 wights (D:8)
  3 howler monkeys
  11 electric eels
  10 crimson imps
  3 giant frog zombies
  2 hounds
  Crazy Yiuf (D:7)
  10 orc priests
  3 jellies
  12 orc wizards
  A giant frog skeleton (D:10)
  A gnoll shaman (D:10)
  Terence (D:2)
  11 iguanas
  9 worker ants
  A hell rat (D:11)
  12 sheep
  8 ogre zombies (D:9)
  A hound zombie (D:9)
  The ghost of tabstorm the Ruffian, a weakling VSTm (D:3)
  2 worker ant zombies (D:11)
  Robin (D:4)
  6 gnolls
  56 river rats
  15 adders
  A howler monkey skeleton (D:4)
  5 shadow imps
  4 white imps (D:13)
  2 oozes
  4 worms
  2 dart slugs (D:1)
  6 giant geckos
  85 orcs
  2 ball pythons
  14 goblins
  7 hobgoblins
  5 jackals
  5 quokkas
  8 bats
  A giant gecko zombie (D:7)
  6 giant newts
  2 goblin skeletons (D:9)
  A goblin zombie (D:9)
  A hobgoblin skeleton (D:9)
  A hobgoblin zombie (D:9)
  14 kobolds
  3 orc skeletons (D:9)
  17 orc zombies (D:9)
  A quokka zombie (D:6)
  8 rats
  A bush (Abyss:2)
  2 crawling corpses
  2 demonic plants (Abyss:2)
  12 fungi
  9 plants
  A starspawn tentacle (Abyss:3)
1360 creatures vanquished.

Vanquished Creatures (collateral kills)
  2 hydras
  5 death yaks (Lair:7)
  3 orb spiders (Spider:1)
  A demonic crawler (Spider:1)
  5 yaks (Lair:2)
  A wolf (Lair:7)
  A sheep (Lair:2)
  A fungus (Lair:7)
  A plant (Lair:7)
20 creatures vanquished.

Vanquished Creatures (others)
  2 deep elf blademasters (Elf:3)
  A deep elf master archer (Elf:3)
  A merfolk javelineer (Shoals:2)
  A deep elf death mage (Elf:3)
  A deep elf high priest (Elf:3)
  A deep elf knight (Elf:3)
  6 deep elf archers
  A deep elf mage (Elf:2)
  An orc warrior (Elf:1)
  A wasp (Spider:4)
  12 fungi
  9 plants
  4 starspawn tentacles (Abyss:3)
  A starspawn tentacle segment (Abyss:3)
42 creatures vanquished.

Grand Total: 1422 creatures vanquished

Notes
Turn   | Place    | Note
--------------------------------------------------------------
     0 | D:1      | tyvek the Minotaur Berserker began the quest for the Orb.
     0 | D:1      | Reached XP level 1. HP: 19/19 MP: 0/0
   665 | D:1      | Reached XP level 2. HP: 26/27 MP: 1/1
   814 | D:1      | Reached skill level 4 in Axes
  1042 | D:1      | Reached skill level 4 in Fighting
  1082 | D:1      | Reached XP level 3. HP: 27/33 MP: 2/2
  1439 | D:2      | Found an oddly glowing altar of Pakellas.
  1442 | D:2      | Reached ** piety under Trog
  1453 | D:2      | Noticed Sigmund
  1474 | D:2      | Killed Sigmund
  1474 | D:2      | Reached skill level 5 in Axes
  1474 | D:2      | Reached skill level 3 in Armour
  1474 | D:2      | Reached skill level 3 in Dodging
  1474 | D:2      | Reached XP level 4. HP: 41/41 MP: 3/3
  1474 | D:2      | Reached XP level 5. HP: 47/47 MP: 4/4
  1582 | D:2      | Noticed Terence
  1590 | D:2      | Killed Terence
  2059 | D:3      | Reached XP level 6. HP: 53/55 MP: 5/5
  2175 | D:3      | Reached skill level 6 in Axes
  2196 | D:3      | Noticed tabstorm's ghost (weakling VSTm)
  2207 | D:3      | Killed tabstorm's ghost
  2207 | D:3      | Reached skill level 5 in Fighting
  2343 | D:3      | Reached skill level 4 in Armour
  2373 | D:3      | Found a blossoming altar of Fedhas.
  2585 | D:3      | Reached *** piety under Trog
  2880 | D:4      | Reached skill level 4 in Dodging
  3058 | D:4      | Reached XP level 7. HP: 58/61 MP: 6/6
  3244 | D:4      | Noticed Robin
  3251 | D:4      | Killed Robin
  3537 | D:4      | Reached skill level 7 in Axes
  3593 | D:4      | Gained mutation: You have a pair of large horns on your head. [potion of mutation]
  3593 | D:4      | Gained mutation: You have supernaturally acute eyesight. [potion of mutation]
  3593 | D:4      | Gained mutation: You have an increased reservoir of magic (+10% MP). [potion of mutation]
  3609 | D:5      | Entered Level 5 of the Dungeon
  3692 | D:5      | Noticed Duvessa
  3692 | D:5      | Noticed Dowan
  3699 | D:5      | Killed Duvessa
  3701 | D:5      | Killed Dowan
  3962 | D:5      | Noticed SirSamVimes's ghost (novice DsMo)
  3964 | D:5      | Noticed Grinder
  3971 | D:5      | Killed SirSamVimes's ghost
  3971 | D:5      | Reached skill level 6 in Fighting
  3971 | D:5      | Reached skill level 8 in Axes
  3971 | D:5      | Reached skill level 5 in Armour
  3971 | D:5      | Reached skill level 5 in Dodging
  3971 | D:5      | Reached XP level 8. HP: 70/70 MP: 7/7
  3974 | D:5      | Killed Grinder
  4813 | D:6      | Reached skill level 9 in Axes
  4842 | D:6      | Reached skill level 7 in Fighting
  4846 | D:6      | Gained mutation: You are weak. (Str -2) [mutagenic meat]
  4847 | D:6      | Gained mutation: You have very sharp teeth. [mutagenic meat]
  4848 | D:6      | Lost mutation: You have an increased reservoir of magic (+10% MP). [mutagenic meat]
  4849 | D:6      | Lost mutation: You are weak. (Str -2) [mutagenic meat]
  4862 | D:6      | Found a staircase to the Ecumenical Temple.
  4900 | D:6      | Reached skill level 6 in Armour
  4900 | D:6      | Reached skill level 6 in Dodging
  5104 | D:6      | Reached **** piety under Trog
  5590 | D:7      | Noticed Joseph
  5602 | D:7      | Killed Joseph
  5602 | D:7      | Reached skill level 10 in Axes
  5602 | D:7      | Reached XP level 9. HP: 79/79 MP: 8/8
  5863 | D:7      | Found a shattered altar of Ashenzari.
  5994 | D:7      | Identified a scroll of acquirement
  6091 | D:7      | Noticed Crazy Yiuf
  6094 | D:7      | Killed Crazy Yiuf
  6312 | D:7      | Reached skill level 7 in Armour
  6558 | D:8      | Noticed Maurice
  6562 | D:8      | Killed Maurice
  6562 | D:8      | Reached skill level 8 in Fighting
  6562 | D:8      | Reached skill level 7 in Dodging
  6661 | D:8      | Reached skill level 11 in Axes
  6804 | D:8      | Noticed Gastronok
  6818 | D:8      | Killed Gastronok
  6818 | D:8      | Reached skill level 9 in Fighting
  6818 | D:8      | Reached skill level 8 in Armour
  6818 | D:8      | Reached XP level 10. HP: 53/91 MP: 9/9
  6954 | D:8      | Reached skill level 12 in Axes
  7178 | D:9      | Reached skill level 8 in Dodging
  7288 | D:9      | Found a staircase to the Orcish Mines.
  7336 | D:9      | Noticed Psyche
  7341 | D:9      | Killed Psyche
  7581 | D:9      | Reached skill level 9 in Armour
  7601 | D:9      | Found Wimn's Antique Weapon Shop.
  7789 | Orc:1    | Entered Level 1 of the Orcish Mines
  7797 | Orc:1    | Noticed an orc knight
  7798 | Orc:1    | Noticed a stone giant
  7801 | Orc:1    | Reached skill level 13 in Axes
  7801 | Orc:1    | Reached XP level 11. HP: 82/99 MP: 10/10
  7807 | Orc:1    | HP: 31/148 [orc knight/great sword (15)]
  7807 | Orc:1    | HP: 9/148 [stone giant (22)]
  7808 | Orc:1    | Killed a stone giant
  7808 | Orc:1    | Reached skill level 10 in Fighting
  7811 | Orc:1    | Killed an orc knight
  7811 | Orc:1    | Reached skill level 9 in Dodging
  7813 | Orc:1    | HP: 15/150 [poisoned by an orc warrior]
  7818 | Orc:1    | HP: 18/100 [poisoned by an orc warrior]
  7968 | Orc:1    | Found Arisayd's Food Shoppe.
  7980 | Orc:1    | Noticed an orc sorcerer
  7986 | Orc:1    | Reached ***** piety under Trog
  7992 | Orc:1    | Killed an orc sorcerer
  8118 | Orc:2    | Entered Level 2 of the Orcish Mines
  8157 | Orc:2    | Noticed tyvek's ghost (journeyman MiBe)
  8170 | Orc:2    | Killed tyvek's ghost
  8288 | Orc:2    | Noticed Donald
  8300 | Orc:2    | Killed Donald
  8300 | Orc:2    | Reached skill level 10 in Armour
  8440 | Orc:2    | Noticed an orc knight
  8441 | Orc:2    | Found Jefudal's Jewellery Boutique.
  8444 | Orc:2    | Reached skill level 14 in Axes
  8448 | Orc:2    | Killed an orc knight
  8542 | Orc:2    | Noticed an orc knight
  8542 | Orc:2    | Found Golilola's Magic Scroll Shoppe.
  8542 | Orc:2    | Noticed an orc knight
  8550 | Orc:2    | Killed an orc knight
  8550 | Orc:2    | HP: 35/151 [orc knight/dire flail (15)]
  8551 | Orc:2    | Killed an orc knight
  8551 | Orc:2    | HP: 10/151 [orc warrior/short sword (14)]
  8810 | Orc:1    | Noticed an orc sorcerer
  8811 | Orc:1    | Noticed an orc warlord
  8816 | Orc:1    | Killed an orc sorcerer
  8816 | Orc:1    | Reached skill level 11 in Fighting
  8820 | Orc:1    | Reached skill level 10 in Dodging
  8831 | Orc:1    | Killed an orc warlord
  8831 | Orc:1    | Reached XP level 12. HP: 110/110 MP: 5/11
  9077 | Orc:2    | Reached skill level 15 in Axes
  9077 | Orc:2    | Reached skill level 11 in Armour
  9100 | Orc:2    | Reached ****** piety under Trog
  9290 | Orc:2    | Found Odankywo's Weapon Shoppe.
  9290 | Orc:2    | Found Wunanij's Distillery.
  9340 | Orc:2    | Found a roughly hewn altar of Beogh.
  9512 | Orc:2    | Found a staircase to the Elven Halls.
  9777 | D:10     | Entered Level 10 of the Dungeon
  9835 | D:10     | Noticed Erolcha
  9841 | D:10     | Killed Erolcha
  9852 | D:10     | Received a gift from Trog
  9915 | D:10     | Reached skill level 11 in Dodging
  9919 | D:10     | Reached skill level 12 in Fighting
 10068 | D:10     | Reached skill level 16 in Axes
 10574 | D:11     | Reached XP level 13. HP: 118/118 MP: 12/12
 10613 | D:11     | Received a gift from Trog
 10680 | D:11     | Reached skill level 12 in Armour
 10761 | D:11     | Found a staircase to the Lair.
 11513 | Lair:1   | Entered Level 1 of the Lair of Beasts
 11540 | Lair:1   | Noticed Nergalle
 11562 | Lair:1   | Killed Nergalle
 11697 | Lair:1   | Noticed Prince Ribbit
 11705 | Lair:1   | Killed Prince Ribbit
 12750 | Lair:2   | Reached skill level 13 in Fighting
 12807 | Lair:2   | Received a gift from Trog
 13000 | Lair:3   | Reached skill level 17 in Axes
 13417 | Lair:3   | Reached skill level 12 in Dodging
 13443 | Lair:3   | Found a staircase to the Shoals.
 13709 | Lair:4   | Found a hole to the Spider Nest.
 14044 | Lair:4   | Received a gift from Trog
 14720 | Lair:5   | Reached XP level 14. HP: 119/129 MP: 13/13
 14723 | Lair:5   | Reached skill level 13 in Armour
 15977 | Lair:7   | Received a gift from Trog
 16023 | Lair:7   | Reached skill level 18 in Axes
 16302 | Lair:7   | Found a staircase to the Slime Pits.
 16982 | Lair:7   | Reached skill level 13 in Dodging
 17071 | Lair:8   | Entered Level 8 of the Lair of Beasts
 17172 | Lair:8   | Reached skill level 14 in Fighting
 17182 | Lair:8   | Received a gift from Trog
 17673 | Lair:8   | Received a gift from Trog
 17696 | Lair:8   | Reached skill level 14 in Armour
 18229 | D:12     | Reached skill level 19 in Axes
 18311 | D:12     | Reached XP level 15. HP: 136/138 MP: 14/14
 19145 | D:13     | Received a gift from Trog
 19748 | D:14     | Found a frozen archway.
 19750 | D:14     | HP: 43/208 [white very ugly thing (17)]
 19750 | D:14     | HP: 21/208 [white very ugly thing (22)]
 19777 | D:14     | HP: 33/139 [lindwurm (9)]
 19802 | IceCv    | Entered an ice cave
 20140 | IceCv    | Got a faintly glowing jade ring
 20148 | IceCv    | Identified the ring "Uhiklop" {rF+ Str+4 Dex-3 Stlth-} (You found it in an ice cave)
 20219 | D:14     | Gained mutation: You are somewhat resistant to further mutation. [potion of beneficial mutation]
 20251 | D:14     | Reached skill level 14 in Dodging
 20437 | D:14     | Found a gate to the Vaults.
 20767 | D:15     | Entered Level 15 of the Dungeon
 21350 | D:15     | Reached skill level 15 in Fighting
 21375 | D:15     | Found a staircase to the Depths.
 21377 | D:15     | Reached skill level 20 in Axes
 21855 | Orc:2    | Bought a scroll of recharging for 161 gold pieces
 21865 | Orc:2    | Bought the amulet of Cekugob {Dismiss -Tele rElec rPois rN++ AC+1 EV+1} for 861 gold pieces
 22056 | Spider:1 | Entered Level 1 of the Spider Nest
 22082 | Spider:1 | HP: 34/141 [tarantella (2)]
 22087 | Lair:4   | HP: 22/141 [poisoned by a wolf spider]
 22092 | Lair:4   | HP: 22/141 [poisoned by a wolf spider]
 22099 | Lair:4   | HP: 22/141 [poisoned by a wolf spider]
 22107 | Lair:4   | HP: 22/141 [poisoned by a wolf spider]
 22652 | Spider:1 | Received a gift from Trog
 22656 | Spider:1 | Reached skill level 15 in Armour
 23014 | Spider:1 | Reached skill level 1 in Shields
 23043 | Spider:1 | Reached skill level 2 in Shields
 23200 | D:12     | Reached XP level 16. HP: 149/149 MP: 15/15
 23553 | Spider:1 | Reached skill level 3 in Shields
 23644 | Spider:1 | Identified the Disquisition on Creative Transmigration
 23877 | Spider:2 | Received a gift from Trog
 23889 | Spider:2 | Reached skill level 4 in Shields
 24172 | Spider:2 | Reached skill level 5 in Shields
 24553 | Spider:3 | Reached skill level 6 in Shields
 24560 | Spider:3 | Received a gift from Trog
 24830 | Spider:4 | Entered Level 4 of the Spider Nest
 24984 | Spider:4 | Reached skill level 7 in Shields
 25433 | Spider:4 | Reached skill level 16 in Fighting
 25440 | Spider:4 | Reached skill level 8 in Shields
 25446 | Spider:4 | Received a gift from Trog
 25512 | Spider:4 | Reached skill level 16 in Armour
 25519 | Spider:4 | Reached skill level 9 in Shields
 26219 | Spider:4 | Reached skill level 21 in Axes
 26253 | Spider:4 | Reached XP level 17. HP: 141/158 MP: 0/16
 26261 | Spider:4 | Got a gossamer rune of Zot
 26454 | Spider:2 | Reached skill level 10 in Shields
 26713 | Elf:1    | Entered Level 1 of the Elven Halls
 26781 | Elf:1    | Received a gift from Trog
 26796 | Elf:1    | Noticed a Brimstone Fiend
 26804 | Elf:1    | Cast into level 2 of the Abyss (a deep elf demonologist)
 26895 | Abyss:2  | Found a corrupted altar of Lugonu.
 27029 | Elf:1    | Escaped the Abyss
 27194 | Elf:1    | Reached skill level 11 in Shields
 28223 | Elf:2    | Found a huge runed gate.
 28225 | Elf:2    | Found a huge runed gate.
 28225 | Elf:2    | Found a huge runed gate.
 28226 | Elf:2    | Found a huge runed gate.
 28226 | Elf:2    | Found a huge runed gate.
 28333 | Elf:2    | Cast into level 3 of the Abyss (a deep elf sorcerer)
 28357 | Abyss:3  | Reached skill level 12 in Shields
 28415 | Abyss:3  | Reached skill level 17 in Fighting
 28467 | Abyss:3  | Found a sparkling altar of Nemelex Xobeh.
 28503 | Abyss:3  | Got an abyssal rune of Zot
 28524 | Elf:2    | Escaped the Abyss
 28726 | Elf:2    | Noticed Lightli's ghost (adept HOFi)
 28730 | Elf:2    | Received a gift from Trog
 28757 | Elf:2    | Killed Lightli's ghost
 28818 | Elf:2    | Reached XP level 18. HP: 170/170 MP: 17/17
 28830 | Elf:2    | Reached skill level 13 in Shields
 28856 | Elf:2    | Reached skill level 17 in Armour
 29832 | Elf:3    | Entered Level 3 of the Elven Halls
 29893 | Elf:3    | Found Pibiag's General Store.
 30210 | Elf:3    | Noticed a Tzitzimitl
 30217 | Elf:3    | HP: 40/170 [balrug/divine providence[a deep elf demonologist] (13)]
 30680 | Elf:3    | Noticed a Hell Sentinel
 30956 | Elf:3    | Received a gift from Trog
 31007 | Elf:3    | Reached skill level 14 in Shields
 31036 | Elf:3    | Got a bronze chain mail
 31135 | Elf:3    | HP: 35/171 [earth elemental[a deep elf elementalist] (24)]
 31149 | Elf:3    | Got an ancient flail {flame}
 31307 | Elf:3    | Noticed a Brimstone Fiend
 31313 | Elf:3    | HP: 39/171 [Brimstone Fiend/damnation[a deep elf demonologist] (46)]
 31917 | Elf:3    | Reached skill level 18 in Fighting
 31926 | Elf:3    | Reached skill level 22 in Axes
 31927 | Elf:3    | Cast into level 2 of the Abyss (a deep elf sorcerer)
 31941 | Elf:3    | Escaped the Abyss
 32064 | Elf:3    | Identified the cursed +1 chain mail "Qusubber" {rN+ Stlth+} (You took it off a deep elf high priest on level 3 of the Elven Halls)
 32108 | Elf:3    | Reached skill level 15 in Shields
 32129 | Elf:3    | Received a gift from Trog
 32165 | Elf:3    | Got a glittering lapis lazuli ring
 32169 | Elf:3    | Identified the ring "Miytoj" {rC+ Slay+2 Stlth+} (You took it off a deep elf mage on level 3 of the Elven Halls)
 32181 | Elf:3    | Got a clouded bone ring
 32182 | Elf:3    | Identified the ring "Icvaw" {rC+ Str+2} (You took it off a deep elf master archer on level 3 of the Elven Halls)
 32284 | Elf:3    | HP: 42/172 [deep elf blademaster/rapier (7)]
 32718 | Elf:3    | Reached XP level 19. HP: 178/179 MP: 18/18
 32765 | Elf:3    | Got a slimy mottled dragon armour {rSticky}
 32965 | Elf:3    | Identified Muase's Collected Works on Changing and Poisoning
 33039 | Elf:3    | Got a polished chain mail
 33057 | Elf:3    | Identified the +5 chain mail of the Blessed Realm {rElec MP+9} (You found it on level 3 of the Elven Halls)
 33605 | Shoals:1 | Entered Level 1 of the Shoals
 33629 | Shoals:1 | Noticed Aizul
 33644 | Shoals:1 | Noticed Kirke
 33652 | Shoals:1 | Killed Aizul
 33659 | Shoals:1 | Killed Kirke
 33659 | Shoals:1 | Reached skill level 18 in Armour
 33684 | Shoals:1 | Received a gift from Trog
 34370 | Shoals:2 | HP: 66/270 [water nymph/the raging water (15)]
 34375 | Shoals:2 | HP: 37/270 [satyr/sling bullet (3)]
 34379 | Shoals:2 | HP: 11/270 [water elemental (11)]
 34385 | Shoals:2 | Shot with a sling bullet by a satyr

Skill      XL: |  1  2  3  4  5  6  7  8  9 10 11 12 13 14 15 16 17 18 19 |
---------------+----------------------------------------------------------+-----
Axes           | 4 5 6 8 10 11 13 14 16 17 19 20 21 22 | 22.3
Fighting       | 4 5 6 7 9 11 12 13 14 15 16 17 18 | 18.5
Armour         | 3 4 5 6 8 9 10 11 12 14 15 16 17 18 | 18.2
Dodging        | 3 4 5 6 7 8 10 11 12 13 14 | 14.6
Shields        | 2 9 12 15 | 15.7

Action                   |  1- 3 |  4- 6 |  7- 9 | 10-12 | 13-15 | 16-18 | 19-21 || total
-------------------------+-------+-------+-------+-------+-------+-------+-------++-------
Melee: Hand axe          |    73 |   150 |   111 |       |       |       |       ||   334
       Headbutt          |     6 |    26 |    30 |    66 |   186 |   262 |    26 ||   602
       War axe           |       |       |    29 |       |       |       |       ||    29
       Bite              |       |       |    17 |    39 |   100 |   155 |     7 ||   318
       Executioner's axe |       |       |    46 |   352 |   877 |       |       ||  1275
       Broad axe         |       |       |       |       |    45 |  1204 |   143 ||  1392
Invok: Berserk           |     1 |     1 |     3 |     8 |     2 |     4 |     4 ||    23
       Trog's Hand       |     1 |       |     2 |     8 |     4 |    13 |     4 ||    32
       Burn Spellbooks   |       |     1 |     1 |     1 |     2 |     3 |     5 ||    13
       Brothers in Arms  |       |       |       |       |     4 |     1 |       ||     5
Evoke: Wand              |       |       |       |       |       |     4 |       ||     4
  Use: Potion            |     2 |       |     1 |     1 |     2 |     5 |       ||    11
       Scroll            |       |       |    22 |     2 |    17 |    20 |     2 ||    63
 Stab: Invisible         |       |       |       |       |     4 |       |       ||     4
       Distracted        |       |       |       |       |     1 |       |       ||     1
  Eat: Chunk             |     2 |     7 |    17 |    24 |    33 |     9 |       ||    92
       Pizza             |       |       |     1 |       |     1 |     4 |       ||     6
       Beef jerky        |       |       |     1 |       |     5 |     1 |       ||     7
       Bread ration      |       |       |       |       |     2 |     5 |     3 ||    10
       Royal jelly       |       |       |       |       |     1 |       |       ||     1
Armor: Animal skin       |     8 |       |       |       |       |       |       ||     8
       Ring mail         |     5 |    13 |       |       |       |       |       ||    18
       Chain mail        |       |    51 |    50 |    47 |       |       |    44 ||   192
       Plate armour      |       |       |       |    91 |   605 |   483 |    15 ||  1194
Dodge: Dodged            |    42 |    96 |   147 |   363 |  1019 |   391 |    67 ||  2125
Block: Shield            |       |       |       |       |    16 |   972 |   197 ||  1185
       Reflection        |       |       |       |       |       |    84 |    15 ||    99

Vault maps used:
D:1:      saegor_arrival_simple_c
D:2:      lemuel_crystal_altar, uniq_sigmund, uniq_terence
D:3:      nicolae_overflow_hidden_temple, serial_bayou, serial_bayou_pond_c,
          serial_bayou_pond_e, serial_bayou_shore_b, serial_bayou_lake_a,
          serial_bayou_pond_b, lemuel_statue_altar
D:4:      minmay_liquid_box, hangedman_decor_points, uniq_robin
D:5:      first_bread, uniq_duvessa, uniq_grinder
D:6:      minmay_temple_entry_statues_fountains
D:7:      serial_bayou_pond_a, the_bakery, minmay_misc_feat_cross,
          ashenzari_altar_1, uniq_crazy_yiuf_cottage, uniq_joseph
D:8:      uniq_maurice, uniq_gastronok
D:9:      zombieorc2_lemuel, serial_shops, nicolae_shop_waterfront,
          hangedman_decor_riveting, uniq_psyche
D:10:     serial_bayou, serial_bayou_ford_a, serial_bayou_shore_a,
          serial_bayou_pond_e, serial_bayou_pond_b, uniq_erolcha
D:11:     dpeg_lair_monsters, minmay_misc_feat_tiny
D:13:     minmay_fire_ice_demons
D:14:     david_vaults_4, portal_ice_cave_entry_ugly_swarm,
          minmay_strange_pillars
D:15:     grunt_enter_depths_magical_seal, serial_co_window_serial,
          co_window_corner_a, co_window_paths_b, co_window_corner_a,
          co_window_cross_1, co_window_corner_a, co_window_2corner,
          co_window_cross_4, co_window_cross_3, co_window_of_opportunity_c,
          co_window_4corner_b, co_window_4corner_a, glass_columns_a,
          glass_columns_b, glass_columns_a
Lair:1:   beast_lair_carwin_large_1, lemuel_fruit_fields, uniq_prince_ribbit2,
          uniq_nergalle
Lair:2:   beast_lair_carwin_4, infiniplex_staircase_pool_2, grunt_megastairs_5
Lair:3:   minmay_shoals_entry_centaurs
Lair:4:   spider_nest_entry_web_field, serial_bayou_crossing
Lair:5:   lemuel_old_faithful
Lair:6:   st_stairs_8, lemuel_fruit_fields, grunt_megastairs_2
Lair:7:   minmay_slime_entry_oklob_enclosed, nicolae_lair_yak_garden
Lair:8:   minmay_lair_end_frog_pond
Shoals:1: uniq_kirke, uniq_aizul
Spider:4: guppyfry_spider_rune
Orc:1:    serial_shops, shop_coins
Orc:2:    st_orc_town, uniq_donald
Elf:1:    elf_arrival_001, orc_legates
Elf:3:    nooodl_elf_gasket, serial_shops, shop
Abyss:2:  evilmike_abyss_exit_chaos, evilmike_abyss_exit_15,
          hangedman_abyss_monster_moat, evilmike_abyss_exit_smiterflies
Abyss:3:  evilmike_abyss_rune_tso_outpost
IceCv:    ice_cave_small_dragons

Table legend:
 A = Turns spent in this place as a percentage of turns spent in the entire game.
 B = Non-inter-level travel turns spent in this place as a percentage of non-inter-level travel turns spent in the entire game.
 C = Inter-level travel turns spent in this place as a percentage of turns spent in this place.
 D = Turns resting spent in this place as a percentage of non-inter-level travel turns spent in this place.
 E = Turns spent auto-exploring this place as a percentage of non-inter-level travel turns spent in this place.
 F = Non-inter-level travel turns spent in this place divided by the number of levels of this place that you've seen.
                   A       B       C       D       E      F
               +-------+-------+-------+-------+-------+----------------------
         Total | 100.0 | 100.0 |   0.6 |   2.8 |  12.3 | 275.8
       Dungeon |  33.3 |  33.3 |   0.6 |   2.1 |  16.4 | 232.9
          Lair |  19.6 |  19.5 |   0.9 |   2.3 |  14.9 | 255.5
        Shoals |   2.3 |   2.3 |   0.4 |   2.0 |  14.3 | 122.0
   Spider Nest |  13.9 |  13.9 |   0.7 |   2.3 |   9.9 | 364.8
  Orcish Mines |   7.0 |   7.0 |   1.1 |   6.6 |   9.0 | 365.0
   Elven Halls |  20.4 |  20.5 |   0.3 |   3.6 |   6.3 | 715.0
         Abyss |   2.5 |   2.5 |   0.0 |   0.8 |   2.7 |  86.3
      Ice Cave |   1.0 |   1.0 |   0.0 |   2.9 |  20.0 | 105.0
               +-------+-------+-------+-------+-------+----------------------

Table legend:
 A = Kills in this place as a percentage of kills in entire the game.
 B = Kills by you in this place as a percentage of kills by you in the entire game.
 C = Kills by friends in this place as a percentage of kills by friends in the entire game.
 D = Other kills in this place as a percentage of other kills in the entire game.
 E = Experience gained in this place as a percentage of experience gained in the entire game.
 F = Experience gained in this place divided by the number of levels of this place that you have seen.
                   A       B       C       D       E      F
               +-------+-------+-------+-------+-------+----------------------
         Total | 100.0 | 100.0 | 100.0 | 100.0 | 100.0 | 10737.5
       Dungeon |  32.9 |  33.8 |   0.0 |   0.0 |  14.6 | 3981.4
          Lair |  20.9 |  20.4 |  77.8 |   0.0 |  13.4 | 6845.9
        Shoals |   3.3 |   3.3 |   0.0 |   6.2 |   5.3 | 10762.5
   Spider Nest |  16.0 |  16.1 |  22.2 |   6.2 |  20.5 | 20954.2
  Orcish Mines |  10.2 |  10.5 |   0.0 |   0.0 |   5.1 | 10471.0
   Elven Halls |  13.1 |  12.4 |   0.0 |  87.5 |  36.4 | 49492.7
         Abyss |   2.0 |   2.1 |   0.0 |   0.0 |   3.4 | 4664.3
      Ice Cave |   1.4 |   1.4 |   0.0 |   0.0 |   1.2 | 4782.0
               +-------+-------+-------+-------+-------+----------------------
